 Dungeon Crawl Stone Soup version 0.29-a0-559-g359e09b9d1 (webtiles) character file.

Game seed: 11133525995912158893

325 Essalna the Ruffian (level 6, 0/51 HPs)
             Began as a Draconian Transmuter on June 10, 2022.
             Slain by Natasha (2 damage)
             ... on level 3 of the Dungeon.
             The game lasted 00:05:23 (2972 turns).

Essalna the Ruffian (Draconian Transmuter)          Turns: 2972, Time: 00:05:24

Health: 0/51       AC:  7    Str: 13    XL:     6   Next: 24%
Magic:  8/9        EV:  9    Int: 15    God:
Gold:   134        SH:  0    Dex: 11    Spells: 4/9 levels left

rFire   . . .      SeeInvis .     - Unarmed
rCold   . . .      Faith    .   (no shield)
rNeg    . . .      Spirit   .   (body armour unavailable)
rPois   .          Reflect  .   (helmet currently unavailable)
rElec   .          Harm     .   (no cloak)
rCorr   .          Rampage  .   d - +0 pair of gloves
Will    .....                   (boots currently unavailable)
Stlth   +.........              (no amulet)
HPRegen 0.17/turn               (no ring)
MPRegen 0.11/turn               (no ring)

@: appendages, constricted
A: horns 2, talons 2, AC +6, unfitting armour, cold-blooded
a: End Transformation


You were on level 3 of the Dungeon.
You had temporarily grown beastly horns and talons.
You visited 1 branch of the dungeon, and saw 3 of its levels.

You collected 134 gold pieces.

Inventory:

Armour
 d - a +0 pair of gloves (worn)
Jewellery
 m - a ring of magical power
Wands
 n - a wand of paralysis (7)
Scrolls
 e - a scroll of poison {unknown}
 g - a scroll of noise {unknown}
 j - a scroll of identify {unknown}
 o - a scroll of magic mapping {unknown}
 p - a scroll of teleportation {unknown}
Potions
 a - a potion of lignification
 b - a potion of curing {unknown}
 c - a potion of resistance {unknown}
 f - a potion of brilliance {unknown}
 h - 2 potions of ambrosia {unknown}
 i - a potion of attraction {unknown}
 k - 2 potions of magic {unknown}
 l - a potion of haste {unknown}
 q - a potion of heal wounds {unknown}


   Skills:
 + Level 3.3 Fighting
 + Level 3.2 Dodging
 + Level 4.1 Unarmed Combat
 - Level 2.0 Spellcasting
 + Level 3.4 Transmutations
 + Level 1.9 Ice Magic


You had 4 spell levels left.
You knew the following spells:

 Your Spells              Type           Power      Damage    Failure   Level
a - Beastly Appendage     Tmut           22%        N/A       5%          1
b - Ice Form              Ice/Tmut       9%         N/A       58%         4

Your spell library contained the following spells:

 Spells                   Type           Power      Damage    Failure   Level
 Wereblood                Tmut           11%        N/A       9%          2
 Spider Form              Tmut/Pois      6%         N/A       32%         3


Dungeon Overview and Level Annotations

Branches:
Dungeon (3/15)

Altars:

Shops:
D:1 *(![   D:3 [

Annotations:
D:3 Natasha


Innate Abilities, Weirdness & Mutations

You have temporarily grown beastly horns and talons.
Your plain brown scales are hard. (AC +6)
You cannot fit into any form of body armour.
You are cold-blooded and may be slowed by cold attacks.


Message History

You grow a pair of large bovine horns.
Your feet morph into talons.
The ball python barely misses you. The ball python constricts you.
Natasha mumbles some strange words.
The ball python barely misses you. The ball python constricts you.
You closely miss Natasha. You claw Natasha, but do no damage.
Your punch misses Natasha.
Natasha is lightly wounded.
Natasha claws you but does no damage. The ball python bites you.
* * * LOW HITPOINT WARNING * * *
The ball python constricts you.
You closely miss Natasha.
Natasha is lightly wounded.
The crimson imp blinks!
Natasha claws you.
* * * LOW HITPOINT WARNING * * *
The ball python bites you but does no damage.
The ball python constricts you.
You barely miss Natasha.
Natasha is lightly wounded.
The crimson imp blinks!
Natasha casts a spell at you. The magic dart hits you.
* * * LOW HITPOINT WARNING * * *
The ball python closely misses you. The ball python constricts you.
* * * LOW HITPOINT WARNING * * *
You hit Natasha. Your kick misses Natasha.
You tail-slap Natasha, but do no damage.
Natasha is heavily wounded.
The ball python bites you.
* * * LOW HITPOINT WARNING * * *
The ball python constricts you.
Natasha howls an incantation.
Natasha shimmers violently.
Natasha mumbles some strange words.
Okay, then.
You hit Natasha. Your kick misses Natasha.
Natasha is severely wounded.
The ball python barely misses you. The ball python constricts you.
* * * LOW HITPOINT WARNING * * *
Natasha claws you.
You die...

..........#
#.
..........#
#.
..........#
#.
..........###
#.
###........#
#. #........#
#. #...!....#
#. #.h......#
#. #5@......+
#.
####.S......#
#.
#.........).#
#####.
#...........#
#.....
#.........###
#.###.
#.........#
#.# #.
#.........#
###.# #.
#..........#
#...# ##
#.......##+#
#.#####


You could see Natasha, a shadow imp (summoned) and a ball python.

Vanquished Creatures
  Sigmund (D:2)
  An orc priest (D:1)
  Natasha (twice) (D:3)
  An adder (D:2)
  A worm (D:1)
  3 dart slugs
  4 orcs (D:1)
  7 ball pythons
  9 endoplasms (D:1)
  2 giant cockroaches
  5 goblins
  6 hobgoblins
  10 jackals
  A quokka (D:2)
  4 bats
  2 frilled lizards (D:1)
  6 kobolds
  5 rats (D:1)
70 creatures vanquished.

Notes
Turn   | Place    | Note
-------+----------+-------------------------------------------
     0 | D:1      | Essalna the Draconian Transmuter began the quest for the
                  | Orb.
     0 | D:1      | Reached XP level 1. HP: 16/16 MP: 3/3
    47 | D:1      | Reached XP level 2. HP: 10/23 MP: 5/5
   335 | D:1      | Found Efiabruz's Distillery.
   536 | D:1      | Found a faded altar of an unknown god.
   607 | D:1      | Found Luust's Antique Armour Boutique.
   628 | D:1      | Reached XP level 3. HP: 29/29 MP: 4/6
   798 | D:1      | Found Elioc's Weapon Boutique.
   989 | D:1      | Found Ekyr's Assorted Antiques.
  1490 | D:2      | Noticed Sigmund
  1531 | D:1      | Reached XP level 4. HP: 8/37 MP: 4/7
  1540 | D:1      | Learned a level 4 spell: Ice Form
  2472 | D:2      | Killed Sigmund
  2473 | D:2      | Reached skill level 4 in Unarmed Combat
  2473 | D:2      | Reached skill level 1 in Ice Magic
  2473 | D:2      | Reached XP level 5. HP: 33/45 MP: 8/8
  2473 | D:2      | Reached XP level 6. HP: 37/51 MP: 9/9
  2773 | D:3      | Found Vaont's Antique Armour Emporium.
  2932 | D:3      | Noticed Natasha
  2945 | D:3      | Killed Natasha
  2947 | D:3      | Noticed Natasha
  2955 | D:3      | Killed Natasha
  2955 | D:3      | Noticed Natasha
  2972 | D:3      | HP: 2/51 [constriction (1)]
  2972 | D:3      | Slain by Natasha

Illustrated notes

Levels and vault maps discovered:
D:1:      amcnicky_arrival_blooded_trapdoor, layout_loops_ring,
          hellmonk_ecumenical_altar_arch_garden, serial_shops,
          nicolae_shop_behind_doors, nicolae_shop_hallway_plus, shop, shop,
          minmay_stone_trees_small, minmay_hexomino_f4
D:2:      layout_rooms, uniq_sigmund
D:3:      layout_basic, doesnt_xom_only_xom, mainiacjoe_overflow_brackets,
          serial_shops, shop, minivault_4, uniq_jessica, uniq_natasha

Skill      XL: |  1  2  3  4 |
---------------+-------------+-----
Dodging        | 2 3 |  3.2
Fighting       | 2 3 |  3.3
Unarmed Combat | 4 |  4.1
Transmutations | 3 |  3.4
Ice Magic      | 1 |  1.9
Spellcasting   | |  2.0

Action                   |  1- 3 |  4- 6 || total
-------------------------+-------+-------++-------
Melee: Unarmed           |   117 |    89 ||   206
       Kick              |    27 |    23 ||    50
       Tailslap          |     9 |    14 ||    23
       Headbutt          |    11 |     9 ||    20
       Punch             |     2 |     1 ||     3
 Cast: Beastly Appendage |    22 |    16 ||    38
Armor: Skin              |    62 |    40 ||   102
Dodge: Dodged            |   115 |    74 ||   189

Table legend: (Time is in decaauts)
 A = Elapsed time spent in this place.
 B = Non-inter-level travel time spent in this place.
 C = Inter-level travel time spent in this place.
 D = Time resting spent in this place.
 E = Time spent auto-exploring this place.
 F = Levels seen in this place.
 G = Mean time per level.
                   A        B        C        D        E       F      G
               +--------+--------+--------+--------+--------+-----+--------+
         Total |   2964 |   2852 |    112 |      0 |   2325 |   3 |  988.0 |
       Dungeon |   2964 |   2852 |    112 |      0 |   2325 |   3 |  988.0 |
               +--------+--------+--------+--------+--------+-----+--------+

Top non-repeatable levels by time:
     D:1: 2082 daAuts
     D:2: 685 daAuts
     D:3: 196 daAuts
